 Dungeon Crawl Stone Soup version 0.29-a0-925-g0a7a3d12f8 (webtiles) character file.

Game seed: 9496303970502941585

493 Essalna the Insei (level 7, -6/43 (46) HPs)
             Began as an Octopode Transmuter on July 29, 2022.
             Was an Initiate of Gozag.
             Mangled by a wight
             ... wielding a +3 mace
              (9 damage)
             ... on level 3 of the Dungeon.
             The game lasted 00:11:34 (5244 turns).

Essalna the Insei (Octopode Transmuter)             Turns: 5244, Time: 00:11:34

HP:   -6/43 (46)    AC:  1    Str:  9    XL:     7   Next: 15%
MP:   9/10          EV: 14    Int: 16    God:    Gozag
Gold: 259           SH:  0    Dex: 14    Spells: 5/10 levels left

rFire   . . .      SeeInvis .     - Unarmed
rCold   . . .      Faith    .   h - orb {light}
rNeg    . . .      Spirit   .   (helmet currently unavailable)
rPois   .          Reflect  .   (no amulet)
rElec   .          Harm     .   i - ring of resist corrosion
rCorr   +          Rampage  .   (no ring)
Will    .....                   (no ring)
Stlth   +.........              (no ring)
HPRegen 0.14/turn               (no ring)
MPRegen 0.12/turn               (no ring)
                                (no ring)
                                (no ring)

@: appendages, gold aura, glowing, drained
A: tentacle spike 3, almost no armour, amphibious, 8 rings, camouflage 1,
gelatinous body 1, (nimble swimmer 1), tentacles
a: End Transformation, Renounce Religion, Potion Petition, Call Merchant, Bribe
Branch


You were on level 3 of the Dungeon.
You worshipped Gozag.
Gozag was aware of your devotion.
One of your tentacles had grown a beastly spike.
You visited 1 branch of the dungeon, and saw 4 of its levels.

You collected 302 gold pieces.
You paid 43 gold pieces to Gozag.

Inventory:

Missiles
 j - 4 atropa-tipped darts
Armour
 h - an orb of light (worn)
Jewellery
 i - a ring of resist corrosion (left tentacle)
Wands
 g - a wand of charming (3)
Scrolls
 b - 4 scrolls of identify
Potions
 a - a potion of lignification
 d - 4 potions of curing
 e - 2 potions of flight
 f - a potion of magic
 m - a potion of mutation


   Skills:
 - Level 3.0 Fighting
 - Level 3.2 Dodging
 + Level 4.8 Unarmed Combat
 - Level 2.0 Spellcasting
 + Level 4.2 Transmutations
 + Level 2.5 Ice Magic


You had 5 spell levels left.
You knew the following spells:

 Your Spells              Type           Power      Damage    Failure   Level
a - Beastly Appendage     Tmut           30%        N/A       3%          1
b - Ice Form              Ice/Tmut       12%        N/A       45%         4

Your spell library contained the following spells:

 Spells                   Type           Power      Damage    Failure   Level
 Wereblood                Tmut           15%        N/A       5%          2
 Magic Dart               Conj           4%         1d3       21%         1
 Spider Form              Tmut/Pois      8%         N/A       26%         3
 Call Imp                 Summ           1%         N/A       30%         2
 Mephitic Cloud           Conj/Pois/Air  1%         N/A       52%         3


Dungeon Overview and Level Annotations

Branches:
Dungeon (4/15)
 Temple: D:4-7

Altars:
Ashenzari
Gozag
Hepliaklqana
Kikubaaqudgha
Nemelex Xobeh
Sif Muna
Vehumet
Yredelemnul
Zin

Shops:
D:4 (

Annotations:
D:4 Edmund


Innate Abilities, Weirdness & Mutations

One of your tentacles has grown a beastly spike.
You cannot wear most types of armour.
You are amphibious.
You can wear up to eight rings at the same time.
Your skin changes colour to match your surroundings (Stealth+).
Your rubbery body absorbs attacks. (AC +1, EV +1)
((You are camouflaged when in or above water. (Stealth+)))
You have tentacles for arms and can constrict up to eight enemies at once.


Message History

Level annotation: Edmund The orc shouts!
The centaur shouts!
The wight hits you with a +3 mace!
You feel drained. The orc closely misses you.
There is a stone staircase leading up, spattered with blood here.
The wight hits you with a +3 mace! The orc hits you with a +0 short sword.
You climb upwards.
There is a stone staircase leading down here.
Casting: Beastly Appendage (safe; 3% risk of failure)
Confirm with . or Enter, or press ? or * to list all spells.
One of your tentacles grows a vicious spike.
The wight hits you with a +3 mace!
* * * LOW HITPOINT WARNING * * *
The orc closely misses you.
You tentacle-slap the orc but do no damage.
You grab the orc.
You tentacle-slap the orc, but do no damage.
You squeeze the orc, but do no damage.
You constrict the orc, but do no damage.
The wight closely misses you. The orc closely misses you.
You tentacle-slap the orc.
You pierce the orc.
The orc is heavily wounded.
You constrict the orc, but do no damage.
The wight hits you with a +3 mace.
* * * LOW HITPOINT WARNING * * *
You feel drained.
* * * LOW HITPOINT WARNING * * *
The orc closely misses you.
You tentacle-slap the orc but do no damage.
You squeeze the orc, but do no damage.
The orc is heavily wounded.
You constrict the orc, but do no damage.
The wight barely misses you. The orc misses you.
You tentacle-slap the orc.
The orc is almost dead.
You constrict the orc.
You kill the orc!
The wight hits you with a +3 mace!
You die...
Your body crumbles into a pile of gold.

#..# #.# ##.# ####..#### #.# #.#
.........### #.# #.# .###....)..#
#.######.##
.####.##.#.############..........
......##.#.......................
########.#########.........#####.
#.#########.######### #.
#.......$@z.# ## #############


You could see a wight.

Vanquished Creatures
  A black bear (D:4)
  Pargi (D:4)
  3 wights (D:4)
  Terence (D:3)
  Ijyb (D:3)
  4 adders
  3 worms
  A dart slug (D:3)
  2 orcs (D:3)
  8 ball pythons
  9 endoplasms
  A giant cockroach (D:3)
  3 hobgoblins
  4 jackals (D:2)
  4 kobolds
  4 quokkas
  6 bats
  3 frilled lizards
  4 goblins
  6 rats
69 creatures vanquished.

Notes
Turn   | Place    | Note
-------+----------+-------------------------------------------
     0 | D:1      | Essalna the Octopode Transmuter began the quest for the
                  | Orb.
     0 | D:1      | Reached XP level 1. HP: 13/13 MP: 3/3
   488 | D:1      | Reached XP level 2. HP: 7/18 MP: 3/5
  1433 | D:2      | Reached XP level 3. HP: 23/23 MP: 4/6
  2192 | D:2      | Found a faded altar of an unknown god.
  2896 | D:3      | Reached XP level 4. HP: 28/29 MP: 7/7
  2933 | D:3      | Noticed Terence
  2954 | D:3      | Killed Terence
  3207 | D:3      | Noticed Ijyb
  3281 | D:3      | Found a radiant altar of Vehumet.
  3282 | D:3      | Found a glowing silver altar of Zin.
  3287 | D:3      | Found a hazy altar of Hepliaklqana.
  3288 | D:3      | Found a basalt altar of Yredelemnul.
  3291 | D:3      | Found an opulent altar of Gozag.
  3292 | D:3      | Found a sparkling altar of Nemelex Xobeh.
  3293 | D:3      | Found a shimmering blue altar of Sif Muna.
  3296 | D:3      | Found a broken altar of Ashenzari.
  3297 | D:3      | Became a worshipper of Gozag Ym Sagoz the Greedy
  3309 | D:3      | Found an ancient bone altar of Kikubaaqudgha.
  3507 | D:3      | Killed Ijyb
  3508 | D:3      | Reached XP level 5. HP: 29/35 MP: 8/8
  4076 | D:4      | Noticed Edmund
  4076 | D:4      | Noticed a centaur
  4237 | D:4      | Noticed a water moccasin
  4309 | D:4      | Noticed Pargi
  4331 | D:4      | Learned a level 4 spell: Ice Form
  4368 | D:4      | Noticed a black bear
  4383 | D:4      | Killed a black bear
  4384 | D:4      | Reached skill level 1 in Ice Magic
  4384 | D:4      | Reached XP level 6. HP: 32/42 MP: 7/9
  4577 | D:4      | Found Epeyprue's Weapon Shoppe.
  4608 | D:4      | Killed Pargi
  4857 | D:4      | Reached XP level 7. HP: 26/46 MP: 10/10
  5242 | D:3      | HP: 2/43 [wight/+3 mace (2)]
  5244 | D:3      | Mangled by a wight

Illustrated notes

Levels and vault maps discovered:
D:1:      giann_forest_graveyard, layout_loops_ring
D:2:      layout_loops_corners, chequers_ecumenical_altar_simple_redux,
          minivault_11
D:3:      layout_loops_ring, nicolae_overflow_hallway_of_the_gods, fountainhead,
          uniq_ijyb, uniq_terence
D:4:      layout_loops_ring, serial_shops, shop, uniq_edmund, uniq_pargi,
          uniq_duvessa

Skill      XL: |  1  2  3  4  5  6 |
---------------+-------------------+-----
Fighting       | 2 3 |  3.0
Dodging        | 3 |  3.2
Transmutations | 3 4 |  4.2
Unarmed Combat | 4 |  4.8
Ice Magic      | 1 2 |  2.5
Spellcasting   | |  2.0

Action                   |  1- 3 |  4- 6 |  7- 9 || total
-------------------------+-------+-------+-------++-------
Melee: Unarmed           |    84 |    82 |    15 ||   181
       Constrict         |    17 |    15 |     3 ||    35
       Kick              |    19 |    27 |     2 ||    48
       Tentacles         |    11 |    25 |     4 ||    40
       Punch             |     2 |     1 |     1 ||     4
 Cast: Beastly Appendage |    27 |     8 |     1 ||    36
  Use: Scroll            |       |     6 |     5 ||    11
       Potion            |       |     3 |     1 ||     4
 Stab: Sleeping          |    11 |       |       ||    11
Armor: Skin              |     7 |     4 |       ||    11
Dodge: Dodged            |    45 |    56 |    26 ||   127

Table legend: (Time is in decaauts)
 A = Elapsed time spent in this place.
 B = Non-inter-level travel time spent in this place.
 C = Inter-level travel time spent in this place.
 D = Time resting spent in this place.
 E = Time spent auto-exploring this place.
 F = Levels seen in this place.
 G = Mean time per level.
                   A        B        C        D        E       F      G
               +--------+--------+--------+--------+--------+-----+--------+
         Total |   5233 |   4735 |    498 |    241 |   3785 |   4 | 1308.2 |
       Dungeon |   5233 |   4735 |    498 |    241 |   3785 |   4 | 1308.2 |
               +--------+--------+--------+--------+--------+-----+--------+

Top non-repeatable levels by time:
     D:3: 1717 daAuts
     D:2: 1547 daAuts
     D:1: 1338 daAuts
     D:4: 630 daAuts
